 Dungeon Crawl Stone Soup version 0.22.1-6-g1668fe2 (webtiles) character file.

8656 Gingerlord the Fighter (level 11, -8/101 HPs)
             Began as a Yellow Draconian Skald on Jan 26, 2019.
             Was the Champion of Okawaru.
             Engulfed by a cloud of freezing vapour (17 damage)
             ... in an ice cave.
             The game lasted 00:19:39 (12087 turns).

Gingerlord the Fighter (Yellow Draconian Skald)    Turns: 12087, Time: 00:19:39

Health: -8/101     AC: 10    Str: 17    XL:     11   Next: 12%
Magic:  14/14      EV: 16    Int: 13    God:    Okawaru [******]
Gold:   372        SH:  3    Dex: 13    Spells: 14/14 levels left

rFire    . . .     SeeInvis .   q - +9 sword of Zonguldrok {reap}
rCold    . . .     Gourm    .   C - +0 buckler
rNeg     . . .     Faith    .   (armour unavailable)
rPois    +         Spirit   .   (helmet restricted)
rElec    .         Reflect  .   n - +0 cloak
rCorr    +         Harm     .   y - +1 pair of gloves
MR       .....                  (no boots)
Stlth    +.........             t - amulet of regeneration
HPRegen  0.66/turn              o - +2 ring of strength
MPRegen  0.14/turn              B - ring of poison resistance

@: slowed, very slow
A: spit acid, acid resistance, unfitting armour, hooves 1, cold-blooded,
MP-powered wands, AC +7
a: Breathe Acid, Heroism, Finesse, Renounce Religion


You were in an ice cave.
You worshipped Okawaru.
Okawaru was exalted by your worship.
You were not hungry.

You visited 1 branch of the dungeon, and saw 11 of its levels.
You also visited: Ice Cave.

You collected 462 gold pieces.
You spent 90 gold pieces at shops.

Inventory:

Hand Weapons
 q - the +9 sword of Zonguldrok (weapon) {reap}
   (You found it on level 6 of the Dungeon)

   If a monster killed with it leaves a corpse in good enough shape, the corpse
   will be animated as a zombie friendly to the killer.
Armour
 n - a +0 cloak (worn)
 y - a +1 pair of gloves (worn)
 C - a +0 buckler (worn)
Jewellery
 o - a +2 ring of strength (left hand)
 t - an amulet of regeneration (around neck)
 B - a ring of poison resistance (right hand)
Wands
 b - a wand of scattershot (3)
 x - a wand of digging (16)
Scrolls
 d - 6 scrolls of teleportation
 e - 7 scrolls of remove curse
 f - 3 scrolls of fear
 h - a scroll of enchant weapon
 j - 5 scrolls of amnesia
 l - a scroll of identify
 m - a scroll of enchant armour
 s - a scroll of fog {unknown}
 u - 2 scrolls of immolation
 v - a scroll of random uselessness {unknown}
 w - a scroll of blinking {unknown}
Potions
 a - a potion of agility
 g - 4 potions of mutation
 k - a potion of curing
 p - a potion of cancellation
 z - a potion of brilliance
Comestibles
 c - 18 rations


   Skills:
 + Level 10.4 Fighting
 + Level 9.6 Long Blades
 + Level 8.9 Dodging
 - Level 2.0 Spellcasting
   Level 2.6 Charms
 + Level 4.6 Invocations
 + Level 4.1 Evocations


You had 14 spell levels left.
You didn't know any spells.
Your spell library contained the following spells:

 Spells                   Type           Power        Failure   Level  Hunger
 Infusion                 Chrm           #...         14%         1    ##.....
 Song of Slaying          Chrm           #.......     22%         2    ###....
 Shroud of Golubria       Chrm/Tloc      #.........   36%         2    ###....
 Animate Skeleton         Necr           N/A          38%         1    ##.....
 Pain                     Necr           #...         38%         1    ##.....
 Regeneration             Chrm/Necr      #.........   58%         3    ####...
 Spectral Weapon          Hex/Chrm       #.......     58%         3    ####...
 Vampiric Draining        Necr           #.........   77%         3    ####...
 Animate Dead             Necr           N/A          99%         4    #####..


Dungeon Overview and Level Annotations

Branches:
Dungeon (11/15)            Temple (0/1) D:7            Lair (0/6) D:11
    Orc (0/2) D:10

Altars:
Ashenzari
Dithmenos
Elyvilon
Fedhas
Makhleb
Nemelex Xobeh
Okawaru
Ru
Sif Muna
Trog
Vehumet
Wu Jian
Zin

Shops:
D:2 *   D:8 %   D:9 %!}

Annotations:
D:3 exclusion: oklob plant
D:5 2 transporters


Innate Abilities, Weirdness & Mutations

You can spit globs of acid.
You are resistant to acid.
Your golden yellow scales are hard. (AC +7)
You cannot fit into any form of body armour.
You are cold-blooded and may be slowed by cold attacks.
You have large cloven feet.
You expend magic power (3 MP) to strengthen your wands.


Message History

The ice statue is almost destroyed.
You are engulfed in freezing vapours.
The ice beast hits you but does no damage.
You completely miss the ice statue.
You kick the ice statue, but do no damage.
The ice statue is almost destroyed.
You are engulfed in freezing vapours.
You feel yourself slow down. The ice statue gestures at you.
The bolt of cold hits you! You block the ice beast's attack.
You slash the ice statue!
You destroy the ice statue!
Okawaru accepts your kill.
The ice beast disappears in a puff of smoke!
You are engulfed in freezing vapours.
* * * LOW HITPOINT WARNING * * *
You are engulfed in freezing vapours.
* * * LOW HITPOINT WARNING * * *
You are engulfed in freezing vapours.
You feel as though you will be slow longer.
You die...

#### ##§#§#### ####
##.§§§§§§# #### ##..##
#..§§§§§####..#####....##
#..§§.§§§##....##.......#
#..§§§§§§@..#.......∩.∩.#
##..§......###..........#
#.......### ##..##....##
#......## ######..##
#.......# #### ##.....##
##....# ##..## ...


There were no monsters in sight!

Vanquished Creatures
  3 two-headed ogres
  2 ugly things (D:11)
  2 ice statues (IceCv)
  A gargoyle (D:10)
  A hippogriff (D:10)
  Prince Ribbit (D:7)
  Grinder (D:4)
  A spriggan (D:8)
  Grum (D:8)
  A wyvern (D:10)
  A hungry ghost (D:7)
  A water moccasin (D:7)
  An orc warrior (D:10)
  2 phantoms
  Duvessa (D:5)
  An ice beast (D:8)
  2 sky beasts
  A necrophage (D:9)
  A centaur (D:6)
  4 wolves (D:8)
  An ogre (D:8)
  A big kobold (D:10)
  5 bullfrogs
  A wyvern zombie (D:9)
  Dowan (D:5)
  4 scorpions
  3 killer bees (D:10)
  4 howler monkeys
  2 crimson imps (D:10)
  2 hounds
  A bullfrog zombie (D:10)
  3 orc priests
  3 jellies
  A bullfrog skeleton (D:4)
  Ijyb (D:4)
  3 iguanas
  8 orc wizards
  3 worker ants
  A hound skeleton (D:10)
  A howler monkey zombie (D:9)
  8 adders
  11 gnolls
  2 shadow imps
  17 white imps
  4 ufetubi (IceCv)
  An ooze (D:3)
  2 adder skeletons
  A worm (D:2)
  A dart slug (D:1)
  4 leopard geckos
  36 orcs
  6 giant cockroaches
  6 goblins
  4 hobgoblins
  14 jackals
  14 kobolds
  3 quokkas
  A ball python (D:1)
  6 bats
  5 frilled lizards
  A giant cockroach zombie (D:5)
  A jackal zombie (D:6)
  A leopard gecko skeleton (D:4)
  9 rats
236 creatures vanquished.

Vanquished Creatures (collateral kills)
  A hippogriff (D:10)
  A hungry ghost (D:10)
  A killer bee (D:10)
  A crimson imp (D:10)
  2 worker ants
  An adder (D:10)
  2 orcs
  2 kobolds (D:10)
11 creatures vanquished.

Vanquished Creatures (others)
  A reaper (IceCv)
  4 white imps (IceCv)
  2 ufetubi (IceCv)
7 creatures vanquished.

Grand Total: 254 creatures vanquished

Notes
Turn   | Place    | Note
-------+----------+-------------------------------------------
     0 | D:1      | Gingerlord the Draconian Skald began the quest for the Orb.
     0 | D:1      | Reached XP level 1. HP: 17/17 MP: 3/3
   229 | D:1      | Reached XP level 2. HP: 23/25 MP: 5/5
   976 | D:2      | Reached XP level 3. HP: 30/30 MP: 6/6
   998 | D:2      | Reached skill level 3 in Fighting
  1588 | D:2      | Found Zin's Purification Station.
  1589 | D:2      | Found a glowing silver altar of Zin.
  1678 | D:2      | Reached XP level 4. HP: 20/38 MP: 7/7
  2280 | D:3      | Reached XP level 5. HP: 30/46 MP: 8/8
  2461 | D:3      | Found a blossoming altar of Fedhas.
  2482 | D:3      | Noticed an oklob plant
  2745 | D:2      | HP: 2/46 [orc priest/divine providence (16)]
  3043 | D:3      | Reached skill level 4 in Fighting
  4008 | D:4      | Found a burning altar of Makhleb.
  4008 | D:4      | Found an iron altar of Okawaru.
  4009 | D:4      | Found an ornate altar of the Wu Jian Council.
  4076 | D:4      | Reached XP level 6. HP: 29/53 MP: 9/9
  4633 | D:4      | Became a worshipper of Warmaster Okawaru
  4735 | D:4      | Noticed Grinder
  4770 | D:4      | Paralysed by Grinder for 4 turns
  4775 | D:4      | Gained mutation: You expend magic power (3 MP) to
                  | strengthen your wands. [potion of mutation]
  4775 | D:4      | Gained mutation: You have large cloven feet. [potion of
                  | mutation]
  4782 | D:4      | Paralysed by Grinder for 5 turns
  4812 | D:4      | Killed Grinder
  4812 | D:4      | Reached skill level 5 in Fighting
  4812 | D:4      | Your scales start taking on a golden yellow colour.
  4812 | D:4      | Reached XP level 7. HP: 32/61 MP: 10/10
  5075 | D:4      | Noticed Ijyb
  5096 | D:4      | Killed Ijyb
  5461 | D:5      | Entered Level 5 of the Dungeon
  5555 | D:5      | Noticed a hungry ghost
  5556 | D:5      | Found a white marble altar of Elyvilon.
  5766 | D:5      | Noticed Duvessa
  5767 | D:5      | Noticed Dowan
  6071 | D:5      | Killed Duvessa
  6071 | D:5      | Reached skill level 5 in Long Blades
  6075 | D:5      | Killed Dowan
  6075 | D:5      | Reached * piety under Okawaru
  6219 | D:5      | Found a sacrificial altar of Ru.
  6342 | D:5      | Found a transporter.
  6350 | D:5      | Found a transporter.
  6414 | D:5      | Found a shadowy altar of Dithmenos.
  6510 | D:6      | Reached skill level 5 in Dodging
  6592 | D:6      | Reached skill level 6 in Fighting
  6690 | D:6      | Found the +9 sword of Zonguldrok {reap}
  6961 | D:6      | Reached XP level 8. HP: 70/70 MP: 11/11
  6999 | D:6      | Found a radiant altar of Vehumet.
  7264 | D:7      | Noticed a two-headed ogre
  7281 | D:7      | Killed a two-headed ogre
  7281 | D:7      | Reached ** piety under Okawaru
  7281 | D:7      | Reached *** piety under Okawaru
  7281 | D:7      | Reached skill level 7 in Fighting
  7285 | D:7      | Noticed Prince Ribbit
  7467 | D:7      | Reached XP level 9. HP: 41/80 MP: 12/12
  7679 | D:7      | Found a staircase to the Ecumenical Temple.
  7735 | D:7      | Found a shattered altar of Ashenzari.
  7738 | D:7      | Killed Prince Ribbit
  7740 | D:7      | Reached skill level 8 in Fighting
  8275 | D:8      | Reached **** piety under Okawaru
  8336 | D:8      | Found Ofepp's Food Shoppe.
  8506 | D:8      | Reached skill level 9 in Fighting
  8509 | D:8      | Noticed Grum
  8519 | D:8      | Killed Grum
  8899 | D:8      | Reached ***** piety under Okawaru
  8991 | D:8      | Found a deep blue altar of Sif Muna.
  9176 | D:9      | Found Dykomaha's Gadget Boutique.
  9233 | D:9      | Found Zitielucw's Food Boutique.
  9237 | D:9      | Found Lics's Distillery.
  9245 | D:9      | Bought a potion of curing for 30 gold pieces
  9245 | D:9      | Bought a potion of curing for 30 gold pieces
  9245 | D:9      | Bought a potion of curing for 30 gold pieces
  9308 | D:9      | Reached XP level 10. HP: 91/91 MP: 13/13
  9432 | D:9      | Found a bloodstained altar of Trog.
  9645 | D:9      | Noticed a two-headed ogre
  9658 | D:9      | Killed a two-headed ogre
  9658 | D:9      | Reached skill level 1 in Invocations
  9658 | D:9      | Reached skill level 1 in Evocations
 10126 | D:9      | Found a sparkling altar of Nemelex Xobeh.
 10409 | D:10     | Entered Level 10 of the Dungeon
 10424 | D:10     | Noticed a gargoyle
 10433 | D:10     | Killed a gargoyle
 10494 | D:10     | Noticed a two-headed ogre
 10513 | D:10     | Killed a two-headed ogre
 10760 | D:10     | Found a staircase to the Orcish Mines.
 10917 | D:10     | Reached skill level 10 in Fighting
 10944 | D:10     | Found a burning altar of Makhleb.
 10944 | D:10     | Noticed a balrug
 11128 | D:10     | Reached ****** piety under Okawaru
 11483 | D:11     | Noticed a purple ugly thing
 11493 | D:11     | Killed a purple ugly thing
 11493 | D:11     | Received a gift from Okawaru
 11520 | D:11     | Found a frozen archway.
 11522 | D:11     | Noticed a green ugly thing
 11552 | D:11     | Killed a green ugly thing
 11552 | D:11     | Reached XP level 11. HP: 10/101 MP: 14/14
 11699 | IceCv    | Entered an ice cave
 11948 | IceCv    | Killed a reaper
 12087 | IceCv    | Engulfed by a cloud of freezing vapour

Skill      XL: |  1  2  3  4  5  6  7  8  9 10 11 |
---------------+----------------------------------+-----
Fighting       | 3 4 5 6 7 9 10 | 10.4
Long Blades    | 3 4 5 7 8 9 |  9.6
Dodging        | 3 4 5 6 7 8 |  8.9
Invocations    | 4 |  4.6
Evocations     | 3 4 |  4.1
Spellcasting   | |  2.0
Charms         | |  2.6

Action                   |  1- 3 |  4- 6 |  7- 9 | 10-12 || total
-------------------------+-------+-------+-------+-------++-------
Melee: Falchion          |   105 |   249 |   109 |       ||   463
       Tailslap          |    10 |    31 |    34 |    22 ||    97
       Kick              |       |     1 |    83 |    54 ||   138
       Double sword      |       |       |   115 |   155 ||   270
 Abil: Breathe Acid      |       |       |     1 |       ||     1
  Use: Scroll            |       |     4 |     8 |     4 ||    16
       Potion            |       |     6 |     4 |     5 ||    15
 Stab: Sleeping          |     2 |     2 |     2 |     1 ||     7
       Distracted        |       |     1 |       |     1 ||     2
  Eat: Chunk             |     3 |     6 |     8 |       ||    17
       Ration            |       |     1 |     3 |     3 ||     7
Armor: Skin              |    41 |    70 |    52 |    45 ||   208
Dodge: Dodged            |    92 |   147 |   181 |   132 ||   552
Block: Buckler           |       |       |       |    16 ||    16
       Rpst.: Falchion   |    24 |    40 |    32 |       ||    96
       Double sword      |       |       |    28 |    36 ||    64
